 Dungeon Crawl Stone Soup version 0.31-a0-851-g7ff8af7976 (webtiles) character file.

Game seed: 2979321043354923434

3028 Pixllover the Geomancer (level 9, -4/56 HPs)
             Began as a Gargoyle Earth Elementalist on Oct 5, 2023.
             Was a Follower of Vehumet.
             Slain by a water moccasin (7 damage)
             ... on level 8 of the Dungeon on Oct 6, 2023.
             The game lasted 00:28:39 (6771 turns).

Pixllover the Geomancer (GrEE)                      Turns: 6771, Time: 00:28:40

Health: -4/56      AC: 10    Str: 12    XL:     9   Next: 85%
Magic:  26/29      EV: 12    Int: 20    God:    Vehumet [*.....]
Gold:   330        SH:  0    Dex: 10    Spells: 17/23 levels left

rFire   + . .        a - +2 dagger (venom)
rCold   + . .        (no shield)
rNeg    + + .        x - +2 robe {rN+}
rPois   ∞            (no helmet)
rElec   +            f - scarf {rC+ rF+}
rCorr   .            (no gloves)
SInv    .            (no boots)
Will    .....        (no amulet)
Stlth   ++           h - ring of magical power
HPRegen 0.29/turn    (no ring)
MPRegen 0.21/turn

%: no passive effects
@: on berserk cooldown, slowed, very slow
A: sickness immunity, AC +6, negative energy resistance 1, electricity
resistance, torment resistance 1, petrification resistance
a: Renounce Religion


You were on level 8 of the Dungeon.
You worshipped Vehumet.
Vehumet was aware of your devotion.
You visited 2 branches of the dungeon, and saw 9 of its levels.

You collected 330 gold pieces.

Inventory:

Hand Weapons
 a - a +2 dagger of venom (weapon)
 y - the +5 hand axe of Causality {speed, rPois rC- Will+ rCorr Stlth+}
   (You found it on level 4 of the Dungeon)

   rC-:       It makes you vulnerable to cold.
   rPois:     It protects you from poison Will+: It increases your willpower.
   rCorr:     It protects you from acid and corrosion.
   Stlth+:    It makes you more stealthy.
Missiles
 j - 11 poisoned darts (quivered)
 o - 3 throwing nets
Armour
 f - a scarf of resistance (worn)
 x - a +2 robe of positive energy (worn)
Magical Staves
 b - a staff of earth
Jewellery
 h - a ring of magical power (left hand)
Wands
 p - a wand of polymorph (15)
Scrolls
 d - a scroll of amnesia
 g - a scroll of enchant armour
 i - a scroll of fog {unknown}
 n - a scroll of fear {unknown}
 q - a scroll of noise {unknown}
 r - a scroll of acquirement {unknown}
Potions
 c - a potion of lignification {unknown}
 e - 3 potions of brilliance
 k - 3 potions of cancellation
 m - a potion of berserk rage
 t - a potion of heal wounds {unknown}
 u - 2 potions of magic
 v - 2 potions of attraction
 w - 3 potions of curing
 z - 2 potions of degeneration {unknown}
 B - a potion of might {unknown}


   Skills:
 * Level 6.5 Fighting
 + Level 0.2 Short Blades
 + Level 2.3 Dodging
 + Level 4.0 Stealth
 + Level 7.7 Spellcasting
 + Level 0.3 Conjurations
 + Level 0.7 Transmutations
 + Level 10.0 Earth Magic


You had 17 spell levels left.
You knew the following spells:

 Your Spells              Type           Power      Damage    Failure   Level
a - Sandblast             Erth           96%        2d20      1%          1
b - Stone Arrow           Conj/Erth      56%        3d10      3%          3
c - Passwall              Tmut/Erth      24%        N/A       1%          2

Your spell library contained the following spells:

 Spells                   Type           Power      Damage    Failure   Level
 Freeze                   Ice            28%        1d5       9%          1
 Petrify                  Tmut/Erth      29%        N/A       10%         4
 Brom's Barrelling Bould  Conj/Erth      28%        2d5       11%         4
 Tukima's Dance           Hex            7%         N/A       26%         3
 Passage of Golubria      Tloc           7%         N/A       65%         4
 Yara's Violent Unravell  Hex/Tmut       4%         3d4       91%         5


Dungeon Overview and Level Annotations

Branches:
Dungeon (8/15)             Temple (1/1) D:6
   Lair: D:8-11

Altars:
Ashenzari
Dithmenos
Elyvilon
Fedhas
Gozag
Kikubaaqudgha
Makhleb
Nemelex Xobeh
Okawaru
Qazlal
Ru
Sif Muna
Trog
Uskayaw
Vehumet
Xom
Yredelemnul
Zin
The Shining One

Shops:
D:6 :


Innate Abilities, Weirdness & Mutations

You are immune to sickness and miasma.
Your stone body is resilient. (AC +6)
You are immune to poison.
You resist negative energy. (rN+)
You are resistant to electric shocks. (rElec)
You are resistant to unholy torment.
You are immune to petrification.


Message History

* * * LOW HITPOINT WARNING * * *
The orc hits you but does no damage. The centaur barely misses you.
The centaur kicks you but does no damage.
The water moccasin bites you but does no damage.
You puncture the centaur!
You kill the centaur!
Vehumet accepts your kill. The orc barely misses you.
The wight completely misses you. The wight hits you with a +0 dagger.
* * * LOW HITPOINT WARNING * * *
The water moccasin barely misses you.
You barely miss the wight. The water moccasin closely misses you.
You puncture the wight!
The wight is heavily damaged.
The orc closely misses you. The wight misses you.
The water moccasin bites you but does no damage.
The wight hits you but does no damage.
You closely miss the orc. The wight barely misses you.
The orc closely misses you. The water moccasin closely misses you.
You puncture the orc!
You kill the orc!
Vehumet accepts your kill.
You barely miss the water moccasin.
The water moccasin bites you but does no damage.
The wight misses you. The wight barely misses you.
You barely miss the water moccasin.
The water moccasin bites you but does no damage.
The wight hits you with a +0 dagger!
* * * LOW HITPOINT WARNING * * *
You closely miss the water moccasin. The water moccasin bites you.
* * * LOW HITPOINT WARNING * * *
The wight closely misses you.
You feel a strong urge to attack something.
You are no longer berserk.
You are exhausted.
You feel yourself slow down. The wight attacks as it pursues you!
The wight closely misses you.
The water moccasin attacks as it pursues you!
The water moccasin bites you!
You die...

############ #
#..........# ...
#..........#....
#....?.).z)....>
#......z.)).♣.
#.......))......
#....@S.......♣.
#...............
#...............
#...............
#..............#
#...............
##########....
...


You could see a water moccasin and 2 wights.

Vanquished Creatures
  A hornet zombie (D:6)
  An orc warrior (D:5)
  A sky beast (D:7)
  2 ogres
  5 black bears
  2 centaurs
  2 phantoms
  2 kobold brigands
  2 scorpions
  2 wyvern zombies (D:6)
  2 wights (D:8)
  4 killer bees (D:6)
  5 crimson imps
  A centaur zombie (D:6)
  A centaur skeleton (D:6)
  A gnoll bouda (D:6)
  4 orc priests
  A hound (D:6)
  4 jellies
  A bullfrog skeleton (D:6)
  An iguana (D:6)
  A sleepcap (D:6)
  Natasha (thrice) (D:3)
  2 orc wizards (D:5)
  A killer bee zombie (D:6)
  22 gnolls
  A howler monkey zombie (D:6)
  5 adders
  A howler monkey skeleton (D:6)
  A shadow imp (D:4)
  2 ufetubi
  A worm (D:2)
  A dart slug (D:4)
  19 orcs
  7 ball pythons
  3 endoplasms (D:1)
  7 giant cockroaches
  8 hobgoblins
  7 jackals
  13 kobolds
  A quokka (D:1)
  8 bats
  6 frilled lizards
  10 goblins
  9 rats
184 creatures vanquished.

Notes
Turn   | Place    | Note
-------+----------+-------------------------------------------
     0 | D:1      | Pixllover the Gargoyle Earth Elementalist began the quest
                  | for the Orb.
     0 | D:1      | Reached XP level 1. HP: 10/10 MP: 3/3
   136 | D:1      | Reached skill level 4 in Earth Magic
   156 | D:1      | Reached XP level 2. HP: 15/15 MP: 1/5
   855 | D:1      | Reached XP level 3. HP: 19/19 MP: 4/6
  1400 | D:2      | Found a glowing silver altar of Zin.
  1586 | D:2      | Learned a level 3 spell: Stone Arrow
  1589 | D:2      | Learned a level 2 spell: Passwall
  1905 | D:2      | Reached skill level 5 in Earth Magic
  1905 | D:2      | Reached XP level 4. HP: 9/24 MP: 7/7
  2464 | D:3      | Noticed Natasha
  2468 | D:3      | Killed Natasha
  2469 | D:3      | Reached XP level 5. HP: 28/28 MP: 9/9
  2672 | D:3      | Noticed Natasha
  2675 | D:3      | Killed Natasha
  2839 | D:3      | You fall into a shaft and drop 3 floors!
  2839 | D:6      | Found a staircase to the Ecumenical Temple.
  2848 | D:6      | Reached skill level 1 in Fighting
  2953 | D:6      | Reached XP level 6. HP: 23/35 MP: 11/11
  3010 | D:6      | Noticed a black bear
  3019 | D:5      | Entered Level 5 of the Dungeon
  3098 | D:5      | Noticed a black bear
  3107 | D:5      | Killed a black bear
  3108 | D:5      | Reached skill level 6 in Earth Magic
  3172 | D:5      | Found a shimmering altar of Xom.
  3396 | D:4      | Noticed a black bear
  3406 | D:4      | Killed a black bear
  3407 | D:4      | Reached XP level 7. HP: 40/40 MP: 13/13
  3475 | D:3      | Noticed Natasha
  3477 | D:3      | Killed Natasha
  3713 | D:4      | Found a white marble altar of Elyvilon.
  3896 | D:4      | Reached skill level 7 in Earth Magic
  4217 | D:4      | Identified the +5 hand axe of Causality {speed, rPois rC-
                  | Will+ rCorr Stlth+}
  4599 | D:5      | Reached XP level 8. HP: 48/48 MP: 15/15
  4876 | D:5      | Reached skill level 5 in Spellcasting
  4953 | D:5      | Reached skill level 8 in Earth Magic
  5411 | D:5      | Reached skill level 5 in Fighting
  5468 | D:6      | Reached skill level 9 in Earth Magic
  5475 | D:6      | Reached XP level 9. HP: 50/54 MP: 18/18
  5648 | Temple   | Entered the Ecumenical Temple
  5773 | Temple   | Became a worshipper of Vehumet
  5990 | D:6      | Found Ridweant's Book Shoppe.
  6250 | D:6      | Found a burning altar of Makhleb.
  6368 | D:6      | Reached * piety under Vehumet
  6368 | D:6      | Offered knowledge of Freeze by Vehumet.
  6746 | D:8      | Reached skill level 10 in Earth Magic
  6768 | D:8      | HP: 4/84 [water moccasin (4)]
  6771 | D:8      | Slain by a water moccasin

Illustrated notes

Levels and vault maps discovered:
D:1:      scummos_arrival_hexagon, layout_basic, minmay_close_crescents
D:2:      layout_loops_ring, basic_altar, minmay_pentomino_p2
D:3:      layout_basic, uniq_natasha
D:4:      wad_crossroads, layout_basic, mainiacjoe_overflow_24_doors,
          kennysheep_opposing_triangles
D:5:      layout_gridville, led_xom_imps, nicolae_ossuary_entry_monument,
          minmay_misc_feat_iff, guppyfry_early_orc_mine
D:6:      layout_rooms, makhleb_grotto_becter, temple_pool_b, serial_undead,
          serial_undead_c, serial_undead_a, serial_undead_d, serial_undead_e,
          serial_shops, shop, lexackson_kobold_supper
D:7:      gammafunk_wand_slinger, layout_gridville, nicolae_shop_firing_range,
          uniq_pikel
D:8:      nicolae_cairo_tiling_large_dashed, layout_basic, lemuel_doored_altar,
          serial_shops, nicolae_shop_peninsula, nicolae_stop_n_shop_2,
          grunt_ministairs_9, uniq_erica
Temple:   nicolae_temple_slightly_damp_pantheon

Skill      XL: |  1  2  3  4  5  6  7  8  9 |
---------------+----------------------------+-----
Earth Magic    | 4 5 6 7 9 10 | 10.0
Spellcasting   | 3 4 6 7 |  7.7
Fighting       | 1 2 3 5 6 |  6.5
Stealth        | 3 4 |  4.0
Dodging        | 2 |  2.3
Short Blades   | |  0.2
Conjurations   | |  0.3
Transmutations | |  0.7

Action                     |  1- 3 |  4- 6 |  7- 9 || total
---------------------------+-------+-------+-------++-------
  Melee: Short sword       |       |     1 |       ||     1
         Dagger            |       |       |    42 ||    42
         Staff             |       |       |     7 ||     7
   Cast: Sandblast         |    61 |    57 |   159 ||   277
         Stone Arrow       |       |       |     4 ||     4
    Use: Scroll            |     4 |     2 |     6 ||    12
         Potion            |       |       |     2 ||     2
 Armour: Robe              |    34 |    40 |    89 ||   163
  Dodge: Dodged            |    26 |    22 |    81 ||   129

Table legend: (Time is in decaauts)
 A = Elapsed time spent in this place.
 B = Non-inter-level travel time spent in this place.
 C = Inter-level travel time spent in this place.
 D = Time resting spent in this place.
 E = Time spent auto-exploring this place.
 F = Levels seen in this place.
 G = Mean time per level.
                   A        B        C        D        E       F      G
               +--------+--------+--------+--------+--------+-----+--------+
         Total |   6898 |   6673 |    225 |    793 |   3092 |   9 |  766.4 |
       Dungeon |   6751 |   6526 |    225 |    793 |   3092 |   8 |  843.9 |
        Temple |    146 |    146 |      0 |      0 |      0 |   1 |  146.0 |
               +--------+--------+--------+--------+--------+-----+--------+

Top non-repeatable levels by time:
     D:1: 1346 daAuts
     D:6: 1330 daAuts
     D:5: 1208 daAuts
     D:4: 1073 daAuts
     D:2: 1006 daAuts
     D:3: 705 daAuts
  Temple: 146 daAuts
     D:7: 52 daAuts
     D:8: 27 daAuts
